[Event "ChessKid Cup Div-II 2023"]
[Site "Online"]
[Date "2023.05.22"]
[Round "1.2"]
[White "Mamedyarov, Shakhriyar"]
[Black "Fedoseev, Vladimir"]
[Result "0-1"]
[ECO "D14"]
[WhiteElo "2738"]
[BlackElo "2680"]
[Annotator "TA"]
[PlyCount "168"]
[EventDate "2023.05.21"]
[EventType "k.o."]
[EventCountry "NET"]
[SourceTitle "playchess.com"]
[Source "ChessBase"]
[SourceQuality "1"]
[TimeControl "900+3"]

1. d4 d5 2. c4 c6 3. cxd5 cxd5 4. Nc3 Nf6 5. Bf4 Nc6 6. e3 Bf5 7. Nf3 e6 8. Bb5 Nd7 9. O-O Rc8 10. Rc1 Be7 11. Qb3 O-O 12. Bxc6 {[%emt 0:00:20] D14: Slav Defence: Exchange variation with ...Bf5.} bxc6 13. Qb7 a5 14. Ne5 {[%emt 0:01:31] White has an edge.} Nxe5 15. Bxe5 f6 16. Bg3 Bb4 {[%emt 0:01:05] [#]} 17. Qa6 $146 {[%emt 0:00:49] Against Bd3} ({Predecessor:} 17. Rfd1 c5 18. dxc5 Rxc5 19. e4 Bxe4 20. Nxe4 dxe4 21. Qxe4 Qd2 22. Bf4 Rxc1 23. Rxc1 {½-½ Balogh,P (2313)-Prielozny,S (2172) SVK-chT 0001 2000 (4)}) 17... c5 18. dxc5 Rxc5 19. a3 Bxc3 20. Rxc3 (20. Bd6 $5 Bd3 21. Qxd3 {[%mdl 64] Pin} Qxd6 22. Rxc3 $11) 20... Rxc3 21. bxc3 Qa8 22. Qxa8 Rxa8 $11 {[%emt 0:00:03][%mdl 4096] Endgame KRB-KRB} 23. Bc7 Ra7 24. Bb6 Ra6 25. Bc7 a4 26. Rd1 Ra7 27. Bd6 Rd7 28. Bc5 Rc7 29. Bb4 Kf7 30. Rd2 g5 31. f3 h5 32. Kf2 Bb1 33. Ba5 Rb7 34. Bb4 Kg6 35. h4 gxh4 36. Rd4 Kg5 37. Rd2 ({White should play} 37. c4 $11) 37... Bf5 (37... Rc7 $15) 38. Rd4 h3 39. g3 Rb5 40. Kg1 (40. c4 $1 $11 dxc4 41. e4) 40... e5 $17 41. Rd2 e4 42. Rf2 Rb7 43. Kh2 Rd7 44. Rf1 Rc7 45. Rf2 Rc6 46. Rf1 Re6 47. Bc5 Kg6 48. Bd4 exf3 49. Rxf3 Re8 {[%emt 0:00:18] ...Rb8 is the strong threat.} 50. Bc5 Rc8 51. Bb4 (51. Bd4 $2 Rb8 52. Rf2 Rb3 $19) 51... Kg5 52. Rf4 Rc6 53. Rd4 Re6 54. c4 dxc4 (54... Rxe3 $2 55. Bd2 (55. cxd5 Re2+ 56. Kh1 Be4+ 57. Rxe4 Rxe4 $19) 55... dxc4 56. Bxe3+ Kg6 57. Rxc4 $18) 55. Rxc4 Kg6 (55... Rxe3 $2 56. Bd2 $18) 56. Bc5 Rc6 57. Rc3 Bg4 {[%emt 0:00:07] Black is more active.} 58. Bd4 Ra6 59. Rc4 Kf5 60. Bc3 Ke6 61. Re4+ Kf7 {[%emt 0:00:05] White must now prevent ...Rc6.} 62. Rc4 {[%emt 0:00:02] Prevents Rc6} (62. Bd2 $17 {was worth a try.}) 62... f5 (62... Rd6 $1 $19 {is more deadly.} 63. Bd4 (63. Rxa4 $2 Rd3 $19) 63... Kg6) 63. Bd4 (63. e4 $17) 63... Ke6 (63... Rd6 $19 64. Rc7+ (64. Rxa4 $2 Rc6 $19) 64... Ke6) 64. Rb4 (64. Bc3 $17) 64... Kd5 65. Rb5+ Kc4 66. Rb4+ Kd3 67. Bc5 (67. Bb6 $142) 67... Rc6 $19 68. Rd4+ {[%emt 0:00:03] [#]} Ke2 $1 ({Stronger than} 68... Kxe3 69. Rxg4+ Rxc5 70. Rxa4 $11) 69. Rc4 $2 (69. Rd5 {was the only defense.}) 69... Rc8 70. Rc3 Kd2 71. Rc4 {[%emt 0:00:01] Strongly threatening Bb4+.} Kd3 72. Rd4+ {[%emt 0:00:01] [#]} Ke2 $1 ({Inferior is} 72... Kxe3 73. Rxg4+ Rxc5 74. Rxa4 $11) 73. Rc4 $2 (73. Rd5 {was forced.}) 73... Kd3 $2 (73... Bf3 $19 {And now ...Bd5 would win.} 74. Rc2+ Kd3) 74. Rd4+ $17 Kc3 ({Reject} 74... Kxe3 $6 75. Rxg4+ Rxc5 76. Rxa4 $11) 75. Bb4+ Kb2 76. Rd2+ Kc1 77. Rf2 Rc4 78. Kg1 Kb1 79. Kh2 Re4 80. Bc5 Rc4 81. Bb4 $1 Rc6 {[%emt 0:00:06] Against Bd6} 82. Rd2 Re6 83. Bc5 Re5 84. Rb2+ $2 Kxb2 {[%emt 0:00:03] Weighted Error Value: White=0.09 (flawless) /Black=0.06 (flawless)} 0-1

[Event "ChessKid Cup Div-II 2023"]
[Site "Online"]
[Date "2023.05.22"]
[Round "1.2"]
[White "Le, Quang Liem"]
[Black "Bharath Subramaniyam H"]
[Result "1-0"]
[ECO "D12"]
[WhiteElo "2728"]
[BlackElo "2517"]
[Annotator "TA"]
[PlyCount "71"]
[EventDate "2023.05.21"]
[EventType "k.o."]
[EventCountry "NET"]
[SourceTitle "playchess.com"]
[Source "ChessBase"]
[SourceQuality "1"]
[TimeControl "900+3"]

1. Nf3 d5 2. e3 Nf6 3. c4 c6 4. d4 Bf5 5. Nc3 e6 6. Nh4 Be4 7. f3 Bg6 8. Qb3 Qc7 9. cxd5 {[%emt 0:00:02] D12: Slav Defence: 3 Nf3 Nf6 4 e3 Bf5.} cxd5 10. Bd2 Nc6 11. O-O-O {[%emt 0:00:05] The position is equal.} a6 {[%emt 0:00:02] White must now prevent ...Na5.} 12. Nxg6 hxg6 13. Kb1 Rb8 {[%emt 0:00:01] [#]} (13... Rxh2 $2 14. Rxh2 O-O-O 15. Rh1 $18) 14. Bd3 $5 $146 {[%emt 0:01:36][%mdl 8] An interesting novelty.} ({Predecessor:} 14. h3 b5 15. Nxb5 axb5 16. Bxb5 Rxb5 17. Qxb5 Kd7 18. Rc1 Bd6 19. Rc2 Rb8 20. Qa6 {0-1 Anuj,S (2094)-Arjun,K (2370) Montcada op-A 26th 2018 (2)}) 14... b5 15. Ne2 Be7 (15... Nd7 $11 {might be stronger.}) 16. Rc1 $14 O-O 17. h4 Rbc8 18. Be1 {[%emt 0:01:05] White is more active.} Qb6 19. g4 Na5 20. Bxa5 Qxa5 21. g5 Nh5 22. Rc2 {[%emt 0:00:05] Inhibits Qd2.} Rc4 23. a3 ({Wrong is} 23. Bxc4 $2 dxc4 $19) 23... Rc7 (23... Ra4 $14) 24. Rxc7 $16 Qxc7 25. f4 Qb6 26. Rc1 Rb8 27. Qc2 {[%emt 0:01:28][%cal Od3g6] Bxg6! would be deadly.} b4 {[%emt 0:00:15] [#]} (27... Qd8 $16 {keeps fighting.}) 28. a4 $1 $18 {[%emt 0:00:08][%cal Od3g6] Threatens to win with Bxg6!} b3 29. Qc6 {[%emt 0:00:01] Qxb6 is the strong threat.} Qb4 (29... Qd8 $16 {was worth a try.}) 30. Rc3 Rb6 $2 (30... a5 31. Nc1 Qd6) 31. Qe8+ Bf8 32. Rc7 Qe1+ 33. Nc1 {[%emt 0:00:03] White mates.} Qxe3 34. Qxf7+ Kh8 35. Qxf8+ Kh7 {[%emt 0:00:02] [#]} 36. Bxg6+ $1 {[%emt 0:00:05] Artfully played by Le.   Weighted Error Value: White=0.07 (flawless) /Black=0.47} 1-0

[Event "ChessKid Cup Div-II 2023"]
[Site "Online"]
[Date "2023.05.22"]
[Round "1.2"]
[White "Alekseenko, Kirill"]
[Black "Meier, Georg"]
[Result "1-0"]
[ECO "A45"]
[WhiteElo "2686"]
[BlackElo "2614"]
[Annotator "TA"]
[PlyCount "55"]
[EventDate "2023.05.21"]
[EventType "k.o."]
[EventCountry "NET"]
[SourceTitle "playchess.com"]
[Source "ChessBase"]
[SourceQuality "1"]
[TimeControl "900+3"]

1. d4 e6 2. Bf4 (2. Nc3 d5 3. Bf4 Bd6 4. e3 Nf6 5. Nf3 Bxf4 6. exf4 O-O 7. Bd3 b6 8. Ne5 Ba6 9. Bxa6 Nxa6 10. Qe2 Qc8 11. O-O c5 {0-1 Alekseenko,K (2686)-Meier,G (2614) ChessKid Cup Play In blitz 2023 (9)}) 2... Nf6 3. e3 Be7 4. Nc3 O-O 5. g4 {[%emt 0:00:05][%cal Bg2g4,Bg4g5][%mdl 32] [#]} d6 $146 (5... Bb4 $11 {feels stronger.}) ({Predecessor:} 5... Bb4 6. Bg2 d6 7. Bg3 e5 8. g5 Nfd7 9. h4 exd4 10. Qxd4 Nc6 11. Qd2 Nde5 {0-1 Andersen,G (2238)-Cordova,E (2549) Philadelphia int op 15th 2022 (1)}) 6. g5 $14 {[%emt 0:00:39] A45: Trompowsky Attack.} Nfd7 7. h4 e5 8. Bg3 {[%emt 0:00:22] White is slightly better.} exd4 9. exd4 Re8 10. Be2 Nb6 11. Qd2 Nc6 (11... Nc4 $11 12. Qd3 d5) 12. O-O-O (12. d5 $14 Ne5 13. O-O-O) 12... Bf5 (12... d5 $1 $11) 13. Bd3 (13. Qf4 $14 {keeps the upper hand.} Qd7 14. d5) 13... Qd7 ({Black should try} 13... Nxd4 $17 14. Nge2 Nf3) 14. Qf4 ({Better is} 14. Bxf5 $11 Qxf5 15. a3) 14... Bxd3 $15 15. Rxd3 Nb4 $1 16. Rf3 {[%emt 0:01:04] [#]} Bxg5 $4 {[%emt 0:01:33][%mdl 8192] This costs Black the game.} 17. hxg5 $18 (17. Qxg5 Re1+ 18. Kd2 Rae8 $14) 17... Re1+ {[%emt 0:00:01] [#]} 18. Kd2 $1 (18. Nd1 $2 Rae8 19. b3 Nxa2+ 20. Kd2 (20. Kb1 $2 Rxd1+ 21. Kxa2 Ree1 $19) 20... R1e4 $19) 18... Rae8 {[%emt 0:00:51][%cal Rb6c4] [#]} 19. b3 {[%emt 0:00:05] Repels Nc4+} ({Not} 19. Re3 R1xe3 20. fxe3 Nc4+ 21. Kc1 Nxa2+ 22. Nxa2 Qa4 $11) 19... g6 $2 (19... Qe6) 20. Qh4 h5 21. gxh6 {[%emt 0:00:07] White threatens h7+ and mate.} N6d5 22. h7+ Kh8 23. Nge2 $2 (23. a3 g5 24. Qxg5 (24. Qh5 Nxc3 25. Rxc3 Nd5 $18)) 23... Rxh1 (23... g5 {might work better.} 24. Qxg5 Rxh1) 24. Qxh1 {[%emt 0:00:02] aiming for a3. White is clearly winning.} Qc6 25. Qd1 (25. Rxf7 $2 {perishes.} Rxe2+ 26. Kxe2 Nxc3+ 27. Kd2 Qxh1 $19) 25... Qd7 26. Nxd5 Nxd5 27. Nc3 Nxc3 28. Kxc3 {[%emt 0:00:06] An exciting game.   Weighted Error Value: White=0.75/Black=0.77} 1-0

[Event "ChessKid Cup Div-II 2023"]
[Site "Online"]
[Date "2023.05.22"]
[Round "1.2"]
[White "Oparin, Grigoriy"]
[Black "Le, Tuan Minh"]
[Result "1-0"]
[ECO "A13"]
[WhiteElo "2667"]
[BlackElo "2542"]
[Annotator "TA"]
[PlyCount "75"]
[EventDate "2023.05.21"]
[EventType "k.o."]
[EventCountry "NET"]
[SourceTitle "playchess.com"]
[Source "ChessBase"]
[SourceQuality "1"]
[TimeControl "900+3"]

1. c4 e6 2. Nf3 d5 3. g3 d4 4. Bg2 c5 5. e3 Nc6 6. exd4 cxd4 7. O-O Nf6 8. d3 h6 {[%emt 0:00:05] A13: English Opening: 1...e6.} 9. Na3 Bc5 10. Re1 O-O {[%emt 0:00:05] The position is equal.} 11. Nc2 a5 12. Bf4 Nd7 {[%emt 0:00:37] [#]} 13. Rb1 $146 ({Predecessor:} 13. b3 Re8 14. a3 e5 15. Bd2 Be7 16. b4 Bf6 17. Qe2 e4 18. b5 Ne7 19. dxe4 {0-1 Beydullayeva,G (2264)-Kilgus,G (2452) Belgrade Serbia op 2021 (2)}) 13... Re8 14. b3 (14. g4 $11) 14... e5 $15 15. Bd2 Nf6 16. a3 {[%emt 0:00:37] [#]} e4 $1 17. dxe4 d3 (17... Rxe4 18. b4 Rxe1+ 19. Bxe1 axb4 20. axb4 $14) 18. Ne3 Bxa3 (18... Nxe4 $5 19. b4 axb4 20. axb4 Bxe3 21. Rxe3 Bf5 $15) 19. e5 Ne4 20. Nd5 Nxd2 21. Qxd2 Bf5 22. Nh4 {[%emt 0:00:28] Excellent horsemanship.} Bh7 23. f4 (23. Be4 $11 {keeps the balance.}) 23... Bc5+ $17 24. Kh1 Nb4 (24... b5 $17) 25. f5 $1 $11 Qg5 26. Qd1 (26. Nf4 $11 {remains equal.}) 26... Rad8 $17 (26... Bxf5 27. Nxf5 Qxf5 28. Nc7 $11) 27. Qf3 (27. Be4 $17) 27... d2 28. Re2 {[%emt 0:00:08] [#]} Nc2 $2 (28... Nxd5 $1 $19 29. cxd5 Bb4) 29. Qf4 $1 $11 ({Don't go for} 29. e6 $2 Nd4 30. Qf2 (30. exf7+ $2 Kxf7 31. Rxe8 Nxf3 $19) 30... Nxe2 31. Qxe2 fxe6 $19) 29... Bb4 (29... Ne3 $11 30. Rxd2 Nxd5 31. Bxd5 (31. Rxd5 Qxf4 32. gxf4 Bf2 $17) 31... Be3 32. Qxg5 Bxg5) 30. Rf2 $2 (30. Qe4 $14 {is the one way to stay ahead.} Ne1 31. Rd1) 30... Ne1 $2 (30... Qxf4 $19 31. gxf4 Rxd5 32. Bxd5 Ne3) 31. Be4 $16 {[%emt 0:00:14] And now Rd1 would win. Really sharp!} Qh5 {[%emt 0:00:43][%mdl 8192] Prevents Rd1.} (31... Qxf4 $11 {and Black has nothing to worry.} 32. gxf4 Kf8) 32. Rxd2 $1 $18 {[%emt 0:00:54] White is clearly winning.} Bxd2 33. Qxd2 Qg5 34. Qf4 Qxf4 35. gxf4 g5 (35... b5 $142 36. Rxe1 bxc4 37. bxc4 Rc8) 36. fxg6 Bxg6 37. Nxg6 fxg6 38. Nf6+ {[%emt 0:00:04][%mdl 64] Discovered Attack. Artfully played by Oparin.   Weighted Error Value: White=0.41/Black=0.55} 1-0

[Event "ChessKid Cup Div-II 2023"]
[Site "Online"]
[Date "2023.05.22"]
[Round "1.2"]
[White "Nguyen, Ngoc Truong Son"]
[Black "Andreikin, Dmitry"]
[Result "1/2-1/2"]
[ECO "D02"]
[WhiteElo "2645"]
[BlackElo "2729"]
[Annotator "TA"]
[PlyCount "161"]
[EventDate "2023.05.21"]
[EventType "k.o."]
[EventCountry "NET"]
[SourceTitle "playchess.com"]
[Source "ChessBase"]
[SourceQuality "1"]
[TimeControl "900+3"]

1. d4 Nf6 2. Nf3 d5 3. Bf4 c5 4. e3 Nc6 5. c3 Bg4 6. Qb3 {[%emt 0:00:36] D02: 1 d4 d5 2 Nf3 sidelines, including 2...Nf6 3 g3 and 2...Nf6 3 Bf4.} ({Of course not} 6. dxc5 e5 7. Bg5 Bxc5 $15) 6... Qc8 7. dxc5 {[%emt 0:00:24] [#]} e6 $146 ({Predecessor:} 7... Bxf3 8. gxf3 e6 9. Bd6 Bxd6 10. cxd6 O-O 11. Rg1 Qd7 12. Qa4 Qxd6 13. Qh4 e5 {0-1 Chenchik,A (2100)-Volodin,I (2207) RUS-chB U16 Dagomys 2009 (8)}) 8. Ne5 Bxc5 9. Nxg4 Nxg4 10. Be2 Nge5 11. Nd2 O-O 12. O-O Rd8 13. Rad1 Bd6 14. Bg3 Qc7 15. Nf3 Nxf3+ 16. Bxf3 Ne5 17. Bxe5 Bxe5 18. g3 Rd6 19. Rd2 Rad8 20. Rfd1 g6 21. a3 Kg7 22. Kg2 a6 23. Qc2 h5 24. h4 b5 25. a4 b4 26. cxb4 Qb7 27. Qb3 Rb8 (27... Rb6 $5 ) 28. b5 axb5 29. axb5 Qxb5 30. Qxb5 Rxb5 31. e4 {[%emt 0:01:19] [#]} dxe4 $1 32. Bxe4 Rxd2 33. Rxd2 Bxb2 $15 {[%emt 0:00:01][%mdl 4096] Endgame KRB-KRB} 34. f4 Rb4 35. Bf3 Bd4 36. Re2 Rb1 37. Rd2 Be3 38. Re2 Bb6 39. Rc2 Rg1+ 40. Kh2 Re1 41. Kg2 Ra1 42. Rb2 Bd4 43. Rd2 Bf6 44. Re2 Ra4 45. Re4 Ra3 46. Re2 Bd4 47. Rd2 Be3 48. Rc2 Kf6 49. Rb2 Rc3 50. Ra2 Ke7 51. Rb2 Kd6 52. Ra2 Ke7 53. Rb2 $1 Kf6 54. Ra2 $1 Bb6 55. Rb2 Bc7 56. Re2 e5 57. fxe5+ Bxe5 58. Ra2 Ke7 59. Re2 Rc5 60. Rd2 Ra5 61. Re2 Kf6 62. Rc2 Kg7 63. Re2 Kh6 64. Re3 f6 65. Be2 g5 66. hxg5+ fxg5 67. Rb3 Ra2 68. Kf1 g4 69. Rb6+ Kg5 70. Rb5 Kf6 {[%emt 0:00:01] [#] ...Ra3 would be deadly.} 71. Rb6+ $1 {[%emt 0:00:03] The position is equal.} Kg7 72. Rb7+ Kf6 73. Rb6+ $1 Ke7 74. Rh6 Ra1+ 75. Kg2 Ra2 76. Kf1 Bd4 77. Rxh5 Ra1+ 78. Kg2 Ra2 79. Kf1 Ra1+ 80. Kg2 Ra2 81. Kf1 {[%emt 0:00:01] Weighted Error Value: White=0.02 (flawless) /Black=0.04 (flawless)} 1/2-1/2

[Event "ChessKid Cup Div-II 2023"]
[Site "Online"]
[Date "2023.05.22"]
[Round "1.2"]
[White "Kravtsiv, Martyn"]
[Black "Anton Guijarro, David"]
[Result "1/2-1/2"]
[ECO "D35"]
[WhiteElo "2598"]
[BlackElo "2690"]
[Annotator "TA"]
[PlyCount "249"]
[EventDate "2023.05.21"]
[EventType "k.o."]
[EventCountry "NET"]
[SourceTitle "playchess.com"]
[Source "ChessBase"]
[SourceQuality "1"]
[TimeControl "900+3"]

1. d4 d5 2. c4 e6 3. Nc3 Nf6 4. cxd5 exd5 5. Bg5 c6 6. e3 h6 7. Bh4 Bf5 8. Bd3 Bxd3 9. Qxd3 Be7 10. Nge2 O-O 11. Bxf6 Bxf6 12. O-O Be7 13. Ng3 Re8 14. f3 Nd7 15. Rad1 Qb6 16. Kh1 Qxb2 17. Rb1 Qa3 18. Rxb7 Nb6 19. Rb1 Bb4 20. Rb3 Qc1+ 21. Qf1 Qc2 22. Qe2 Qc1+ 23. Qf1 Qc2 24. Qe2 Qxe2 25. Ncxe2 Bf8 26. Rc7 Rec8 27. Rxc8 Rxc8 28. Kg1 c5 29. dxc5 Rxc5 30. Nd4 Ra5 31. Rb2 Nc4 32. Re2 Ra3 33. Nf1 Bc5 34. Nb3 Bb6 35. Kf2 a5 36. Nbd2 Rxa2 37. Nxc4 Rxe2+ 38. Kxe2 dxc4 39. Nd2 c3 40. Nc4 Bc5 41. Nxa5 c2 42. Nb3 Bb6 43. Kd3 f5 44. e4 fxe4+ 45. fxe4 Kf7 46. Kxc2 Bg1 47. h3 Kf6 48. Nd2 Ba7 49. Nf3 Ke6 50. Kd3 g6 51. Nh4 Kf6 $1 52. Nf3 (52. g4 $11) 52... Ke6 $16 53. Kc4 ({White should try} 53. Nd4+ $16 Kf6 54. Nc6) 53... Bb6 54. Kc3 Be3 55. Kc2 Ba7 56. Kd2 Bb6 57. Ke2 Ba7 58. Nh4 Ke5 59. Kf3 Kf6 $1 60. g3 Bb8 61. Ng2 h5 62. Ne3 Ke5 63. Nd5 Bd6 64. Nf4 Kf6 65. Nd3 Bb8 66. Nb4 Bd6 67. Nd5+ Ke5 68. g4 hxg4+ 69. hxg4 Bb8 70. Nb6 (70. g5 $5 Ke6 $8 71. Nf4+ Kf7 72. Kg4 $11) 70... Bc7 71. Nd7+ Ke6 72. Nc5+ Ke5 73. g5 Kd6 74. Nd3 Ke6 75. Kg4 Bb8 76. Nf4+ Kf7 $1 77. Ng2 Ke6 78. Nh4 Kf7 $1 79. Kf3 Bc7 80. Ke2 Bd8 81. Nf3 Ke6 82. Ke3 Bb6+ 83. Kf4 Bc7+ 84. Ke3 Bb6+ 85. Kd3 Bd8 86. Nd4+ Kd6 87. Nf3 Ke6 88. Kd4 Bb6+ 89. Kc4 Be3 90. Kb5 Kd6 91. Kb4 Bc1 92. Kc4 Be3 93. Kb5 Bc1 94. Kb6 Bf4 95. Kb7 Kd7 96. Kb6 Kd6 97. Kb5 Be3 98. Kc4 Ke6 99. Kb3 Kd6 100. Kc3 Bf4 101. Kd4 Ke6 102. e5 Bc1 103. Ke4 Ke7 104. Kd5 Bf4 105. e6 Bc1 106. Ke5 Bb2+ 107. Kd5 Bc1 108. Ne5 Bxg5 109. Nxg6+ Ke8 110. Ne5 Bc1 111. Nc4 Bg5 112. Ke5 Be7 113. Nb6 Ba3 114. Nd5 Bb2+ 115. Kf5 Ba3 116. Nc7+ Ke7 117. Nd5+ Ke8 118. Kf6 Bb2+ 119. Kg6 Ba3 120. Nf6+ Ke7 121. Kf5 Bc1 122. Ne4 $1 Ba3 123. Nf6 Bc1 124. Ne4 Ba3 125. Nf6 1/2-1/2

[Event "ChessKid Cup Div-II 2023"]
[Site "Online"]
[Date "2023.05.22"]
[Round "1.2"]
[White "Rasulov, Vugar"]
[Black "Eljanov, Pavel"]
[Result "1/2-1/2"]
[ECO "D63"]
[WhiteElo "2523"]
[BlackElo "2705"]
[Annotator "TA"]
[PlyCount "90"]
[EventDate "2023.05.21"]
[EventType "k.o."]
[EventCountry "NET"]
[SourceTitle "playchess.com"]
[Source "ChessBase"]
[SourceQuality "1"]
[TimeControl "900+3"]

1. d4 Nf6 2. c4 e6 3. Nc3 d5 4. Bg5 Be7 5. e3 h6 6. Bh4 O-O 7. Nf3 Nbd7 8. Rc1 c5 {[%emt 0:00:17] D63: Queen's Gambit Declined: Classical: 7 Rc1.} 9. dxc5 g5 {[%emt 0:01:01] 9...Nxc5 is the modern continuation.} 10. Bg3 Nxc5 {[%emt 0:00:07] White is slightly better.} 11. cxd5 (11. h4 $5 g4 12. Ne5 $11) 11... Nxd5 12. Nxd5 Qxd5 13. Qxd5 exd5 14. Nd4 Bd7 15. Be2 {[%emt 0:00:57] [#]} Rfc8 $146 ({Predecessor:} 15... Rac8 16. O-O Ne4 17. Rfd1 Nxg3 18. hxg3 Bf6 19. Bf3 Be6 20. Nxe6 fxe6 21. Bg4 Kf7 22. Rxc8 Rxc8 23. Rxd5 {½-½ Ivanchuk,V (2710)-Yu,Y (2765) Olympiad-43 Batumi 2018 (7.3)}) 16. O-O Ne4 17. Be5 f6 18. Bg3 Kf7 19. Rfd1 Rxc1 20. Rxc1 Rc8 21. Rxc8 Bxc8 22. Bb8 a6 23. Bh5+ Kf8 24. h3 Bc5 25. Bd1 Ke7 26. Bb3 Bxd4 27. exd4 $11 {[%emt 0:00:00][%mdl 4096] Endgame KBB-KBN} Be6 28. Bc2 Nd6 29. Ba7 Bf5 30. Bd1 Nc4 31. b3 Nb2 32. Bc5+ Ke6 33. Be2 Nd3 {[%emt 0:00:29] [#] White must now prevent ...Nxc5.} 34. Ba3 Nf4 35. Bd1 Bb1 36. g3 Nd3 37. Kf1 b5 {[%emt 0:00:03][%cal Ob5b4] [#] And now ...b4! would win.} (37... Bxa2 $2 38. Bc2 $18) 38. Bf8 Bxa2 39. h4 Nc1 40. b4 Bc4+ 41. Kg2 Be2 42. Bc2 Bd3 43. Bd1 Be2 44. Bc2 Bd3 45. Bd1 Be2 {[%emt 0:00:01] Weighted Error Value: White=0.06 (flawless) /Black=0.06 (flawless)} 1/2-1/2

[Event "ChessKid Cup Div-II 2023"]
[Site "Online"]
[Date "2023.05.22"]
[Round "1.2"]
[White "Gharibyan, Mamikon"]
[Black "Sadhwani, Raunak"]
[Result "1-0"]
[ECO "D02"]
[WhiteElo "2500"]
[BlackElo "2627"]
[Annotator "TA"]
[PlyCount "65"]
[EventDate "2023.05.21"]
[EventType "k.o."]
[EventCountry "NET"]
[SourceTitle "playchess.com"]
[Source "ChessBase"]
[SourceQuality "1"]
[TimeControl "900+3"]

1. d4 Nf6 2. Nf3 d5 3. c3 e6 4. Bf4 Bd6 5. e3 O-O 6. Nbd2 {[%emt 0:00:08] D02: 1 d4 d5 2 Nf3 sidelines, including 2...Nf6 3 g3 and 2...Nf6 3 Bf4.} c5 7. Bg3 Qc7 8. dxc5 {[%emt 0:00:05] The position is equal.} Qxc5 9. Bd3 Nbd7 10. Qe2 Qc7 11. e4 {[%emt 0:00:20] e5 is the strong threat.} dxe4 12. Nxe4 Nxe4 13. Qxe4 Nf6 14. Qe2 {[%emt 0:00:15] [#]} Rd8 $146 ({Predecessor:} 14... b6 15. Rd1 Rd8 16. O-O Bb7 17. Ng5 h6 18. Ne4 Nxe4 19. Bxe4 Bxg3 20. hxg3 Rac8 {½-½ Schulze,M (2123)-Buckels,V (2304) GER-ch Net blitz sf 2021 (2)}) 15. O-O-O b6 16. Ne5 Bb7 17. f4 a5 18. Kb1 a4 (18... b5 $11) 19. a3 $1 $14 Nd5 20. c4 (20. Qh5 g6 21. Qe2 Nxc3+ 22. bxc3 Qxc3 $17) 20... Nf6 21. Bh4 Be7 (21... Bxe5 $1 $11 {keeps the balance.} 22. fxe5 Rxd3 23. Rxd3 Be4) 22. Bc2 g6 23. Rhf1 {[%emt 0:00:33] White is more active.} Nh5 (23... Ne8 $142 24. Bxe7 Qxe7) 24. Rxd8+ Rxd8 25. Be1 ({White should play} 25. Bxe7 $16 Qxe7 26. Bxa4) 25... f6 {[%emt 0:01:24] [#]} 26. Nxg6 hxg6 $17 27. Qxe6+ Kh8 (27... Kf8 $1 $15 {keeps the upper hand.} 28. Bxg6 (28. Bxa4 $2 Bxg2 29. Rf2 Nxf4 $19) 28... Rd1+ 29. Kc2 (29. Ka2 $2 Bd5 $19 {[%mdl 64] Double Attack}) 29... Bd5) 28. Bxg6 (28. Qg4 $2 Qxc4 29. Rf2 (29. Qxg6 $2 Rd1+ {[%mdl 64] Deflection} 30. Bxd1 Be4+ $19) 29... Be4 $19) (28. Bc3 $16 {And now g4 would win.} Bc8 29. Qf7) 28... Rd1+ $15 (28... Nxf4 {is a self mate.} 29. Rxf4 Rd1+ 30. Ka2 Bd8 31. Qh3+ Kg8 32. Rh4 Kf8 33. Bb4+) (28... Bxg2 $2 29. Qg4 Bc5 30. Qxg2 $18) 29. Kc2 $1 Rd4 (29... Nxf4 $2 30. Rxf4 $18) (29... Bd5 $2 30. Qh3 $18) (29... Rd6 $1 $15 {stays ahead.} 30. Qf7 Ng7) 30. Bc3 $40 {[%emt 0:00:31][%mdl 1152] White has strong compensation. Black is in trouble. Really sharp!} (30. Bxh5 $2 Be4+ 31. Kc1 Rxc4+ 32. Bc3 Rxc3+ 33. bxc3 Qxc3+ 34. Kd1 Qd3+ 35. Ke1 Qe3+ 36. Kd1 Bc2+ {[%mdl 64] Discovered Attack} 37. Kxc2 Qxe6 $19) 30... Bc8 $2 (30... Qxc4 $16 31. Qxc4 Rxc4) 31. Qf7 $18 {[%emt 0:00:40][%csl Gg6][%cal Rf7h7] White is clearly winning.} Ng7 32. Re1 (32. Bxd4 $2 {too greedy.} Be6 33. Bc3 Bxc4 $19) 32... Be6 33. Rxe6 {[%emt 0:00:13] Weighted Error Value: White=0.27 (precise) /Black=0.31} (33. Bxd4 $2 {perishes.} Qxc4+ 34. Bc3 Bxf7 $19) 1-0